[Event "Titled Tuesday Blitz July 25 Late 2023"]
[White "Sargsyan, Anna M."]
[Black "Nguyen, Ngoc Truong Son"]
[WhiteFideId "13308130"]
[BlackFideId "12401110"]
[WhiteElo "2580"]
[BlackElo "2866"]
[Result "0-1"]
[Round "6"]
[TimeControl "180+2"]
[Date "2023.07.25"]
[WhiteClock "0:01:16"]
[BlackClock "0:01:12"]
[Board "35"]

1. e4 d6 2. d4 g6 3. c3 Bg7 4. Bd3 Nc6 5. f4 e5 6. fxe5 dxe5 7. d5 Nce7 8. Nf3 c6 9. dxc6 Nxc6 10. O-O Nf6 11. Qe2 O-O 12. Na3 Nh5 13. Bg5 Qc7 14. Rad1 Nf4 15. Bxf4 exf4 16. Kh1 Bg4 17. h3 Bh5 18. Qf2 Rad8 19. Be2 Qe7 20. Nd2 Bxe2 21. Qxe2 Bxc3 22. bxc3 Qxa3 23. Nb1 Qe7 24. Rxd8 Rxd8 25. Rxf4 Ne5 26. Nd2 Qg5 27. Rf2 Nd3 28. Rf1 Nf4 29. Nf3 Nxe2 0-1


[Site "https://www.chess.com"]

[Event "Titled Tuesday Blitz July 25 Late 2023"]
[White "Leitao, Rafael"]
[Black "Gireman, Ja"]
[WhiteFideId "2101246"]
[BlackFideId "5043794"]
[WhiteElo "2798"]
[BlackElo "2577"]
[Result "1-0"]
[Round "6"]
[TimeControl "180+2"]
[Date "2023.07.25"]
[WhiteClock "0:00:25"]
[BlackClock "0:00:03"]
[Board "36"]

1. c4 Nf6 2. Nc3 e6 3. e4 d5 4. e5 Nfd7 5. cxd5 exd5 6. d4 Nb6 7. Be2 Be7 8. f4 c5 9. Nf3 Nc6 10. Be3 c4 11. O-O O-O 12. Ne1 Bf5 13. g4 Be4 14. f5 Bg5 15. Qd2 Bxe3+ 16. Qxe3 Re8 17. Rd1 Qh4 18. Nxe4 dxe4 19. Qxe4 Rad8 20. Nf3 Qe7 21. g5 Qb4 22. g6 fxg6 23. fxg6 h6 24. Kh1 Qxb2 25. Rb1 Qxa2 26. Ra1 Qb2 27. Rfb1 Qc3 28. Rc1 Qb2 29. Rab1 Qa3 30. Bxc4+ Nxc4 31. Rxc4 Qe7 32. Re1 Rf8 33. d5 Na5 34. Rd4 b6 35. d6 Qe6 36. Re3 Rd7 37. Qd5 Qxd5 38. Rxd5 Nb7 39. Nd4 Re8 40. Nf5 Kf8 41. e6 1-0


[Site "https://www.chess.com"]

[Event "Titled Tuesday Blitz July 25 Late 2023"]
[White "Riehle, Marco"]
[Black "Tarhan, Adar"]
[WhiteFideId "12904392"]
[BlackFideId "34544712"]
[WhiteElo "2797"]
[BlackElo "2572"]
[Result "0-1"]
[Round "6"]
[TimeControl "180+2"]
[Date "2023.07.25"]
[WhiteClock "0:01:15"]
[BlackClock "0:01:34"]
[Board "37"]

1. e4 c5 2. a3 e5 3. Nc3 Nc6 4. Bc4 Nf6 5. d3 d6 6. f4 Be6 7. Nf3 Bxc4 8. dxc4 Nd4 9. fxe5 dxe5 10. O-O Bd6 11. Bg5 Be7 12. Bxf6 Bxf6 13. Nd5 Ne6 14. c3 O-O 15. Qe1 g6 16. Qg3 Bg7 17. Nxe5 Qg5 18. Qxg5 Nxg5 19. Nd7 Rfd8 20. Nxc5 b6 21. Nd3 Nxe4 22. Rae1 Nd2 23. Ne7+ Kh8 24. Rxf7 Rxd3 25. Nd5 Nxc4 26. Ree7 Rd1+ 27. Kf2 Rxd5 28. Rxg7 Rf8+ 29. Ke2 Rh5 30. h3 Nxb2 31. Rxa7 Re5+ 32. Kd2 Rf2+ 33. Kc1 Re1# 0-1


[Site "https://www.chess.com"]

[Event "Titled Tuesday Blitz July 25 Late 2023"]
[White "Musovic, Armin"]
[Black "Koellner, Ruben Gideon"]
[WhiteFideId "939935"]
[BlackFideId "12993093"]
[WhiteElo "2541"]
[BlackElo "2712"]
[Result "1-0"]
[Round "6"]
[TimeControl "180+2"]
[Date "2023.07.25"]
[WhiteClock "0:02:44"]
[BlackClock "0:01:36"]
[Board "38"]

1. a3 g6 2. Nc3 Bg7 3. e4 d6 4. d4 c5 5. dxc5 dxc5 6. Qxd8+ Kxd8 7. Be3 b6 8. O-O-O+ Ke8 9. Nd5 Be5 10. Nf3 Bd6 11. e5 Bb7 12. exd6 Bxd5 13. Rxd5 Nf6 14. Bb5+ Kd8 15. dxe7+ Kxe7 16. Bg5 1-0


[Site "https://www.chess.com"]

[Event "Titled Tuesday Blitz July 25 Late 2023"]
[White "Panesar Vedant"]
[Black "Cesar Maestre, Bernardo"]
[WhiteFideId "35033018"]
[BlackFideId "24542547"]
[WhiteElo "2706"]
[BlackElo "2540"]
[Result "1-0"]
[Round "6"]
[TimeControl "180+2"]
[Date "2023.07.25"]
[WhiteClock "0:00:40"]
[BlackClock "0:00:00"]
[Board "39"]

1. d4 Nf6 2. c4 e6 3. Nf3 d5 4. g3 Bb4+ 5. Bd2 Be7 6. Bg2 O-O 7. O-O c6 8. Qc2 b6 9. Bf4 Nbd7 10. Nbd2 Bb7 11. e4 dxe4 12. Nxe4 c5 13. Nxf6+ Nxf6 14. Rad1 Qc8 15. b3 cxd4 16. Nxd4 Bxg2 17. Kxg2 Rd8 18. Qe2 Qb7+ 19. Qf3 Qxf3+ 20. Kxf3 Rac8 21. Nb5 a6 22. Na7 Rxd1 23. Rxd1 Rd8 24. Rxd8+ Bxd8 25. Nc6 e5 26. Bxe5 Nd7 27. Bxg7 Kxg7 28. Nxd8 Kf6 29. Nc6 Ke6 30. Nd4+ Kd6 31. Ke3 Kc5 32. a3 a5 33. f4 a4 34. Kd3 axb3 35. Nxb3+ Kd6 36. Nd2 1-0


[Site "https://www.chess.com"]

[Event "Titled Tuesday Blitz July 25 Late 2023"]
[White "Gulamali, Kazim"]
[Black "Haydon, David L"]
[WhiteFideId "2024764"]
[BlackFideId "415405"]
[WhiteElo "2516"]
[BlackElo "2635"]
[Result "1/2-1/2"]
[Round "6"]
[TimeControl "180+2"]
[Date "2023.07.25"]
[WhiteClock "0:00:09"]
[BlackClock "0:00:54"]
[Board "40"]

1. e4 c6 2. d4 d5 3. f3 Nf6 4. e5 Nfd7 5. c3 e6 6. f4 c5 7. Nf3 Nc6 8. a3 Nb6 9. Bd3 g6 10. O-O Bd7 11. Qe2 cxd4 12. cxd4 Na5 13. Nc3 Nb3 14. Rb1 Nxc1 15. Rbxc1 a6 16. g4 h5 17. h3 hxg4 18. hxg4 Bh6 19. g5 Bg7 20. Kg2 Bc6 21. Rh1 O-O 22. Nh2 Re8 23. Ng4 Re7 24. Nf6+ Kf8 25. Rh7 Rc7 26. Rch1 Nd7 27. Rxg7 Kxg7 28. Rh7+ Kf8 29. Rh8+ Ke7 30. Rxd8 Rxd8 31. Qe1 Rh8 32. Nd1 Nxf6 33. exf6+ Kd8 34. Nf2 Ba4 35. Qa5 Bc6 36. Ng4 Kc8 37. Ne5 Be8 38. Qb6 Rc1 39. Qa7 Rch1 40. Qc5+ Kb8 41. Bxa6 bxa6 42. Qb6+ Kc8 43. Qxa6+ Kc7 44. Qa7+ Kc8 45. Qc5+ Kb8 46. b4 R8h2+ 47. Kf3 Rf1+ 48. Kg3 Rhh1 49. Qb6+ Kc8 50. Qa6+ Kc7 51. Qa7+ Kc8 52. Qa8+ Kc7 53. Qxe8 Rhg1+ 54. Kh2 Rh1+ 55. Kg2 Rhg1+ 56. Kh2 Rh1+ 57. Kg2 Rhg1+ 58. Kh2 1/2-1/2


[Site "https://www.chess.com"]

[Event "Titled Tuesday Blitz July 25 Late 2023"]
[White "ChessSG1"]
[Black "Voege, Tobias"]
[BlackFideId "1270513"]
[WhiteElo "2415"]
[BlackElo "2634"]
[Result "0-1"]
[Round "6"]
[TimeControl "180+2"]
[Date "2023.07.25"]
[WhiteClock "0:00:00"]
[BlackClock "0:00:13"]
[Board "41"]

1. c4 e5 2. g3 c6 3. Nf3 e4 4. Nd4 d5 5. d3 c5 6. Nc2 exd3 7. Qxd3 dxc4 8. Qxd8+ Kxd8 9. Nd2 Be6 10. Ne3 Nc6 11. Bg2 Kc7 12. Ndxc4 Nd4 13. Na5 Rb8 14. O-O b6 15. Nac4 Nxe2+ 16. Kh1 Nxc1 17. Raxc1 Nf6 18. b4 Be7 19. b5 Rhd8 20. Ne5 Rd2 21. Nc6 Re8 22. a4 Nd5 23. Nxd5+ Bxd5 24. Nxa7 Bxg2+ 25. Kxg2 Ra8 26. Nc6 Bd6 27. Rc4 Ra2 28. a5 bxa5 29. Rb1 Kb6 30. Rd1 Bf8 31. Ne5 f6 32. Nd7+ Kxb5 33. Rc3 Rb2 34. Rdc1 Bd6 35. Nxc5 Rc8 36. Ne4 Rxc3 37. Nxc3+ Kb4 38. Nd5+ Kb3 39. Rc6 Be5 40. Ra6 a4 41. Kf3 Bd4 42. Ke4 Bxf2 43. Kd3 Bc5 44. Ra8 a3 45. Rb8+ Ka2 46. Nc3+ Ka1 47. Ra8 Rxh2 0-1


[Site "https://www.chess.com"]

[Event "Titled Tuesday Blitz July 25 Late 2023"]
[White "Attacker_2006"]
[Black "Caruana, Fabiano"]
[BlackFideId "2020009"]
[WhiteElo "2566"]
[BlackElo "3110"]
[Result "1/2-1/2"]
[Round "6"]
[TimeControl "180+2"]
[Date "2023.07.25"]
[WhiteClock "0:00:12"]
[BlackClock "0:00:28"]
[Board "42"]

1. e4 b6 2. d4 Ba6 3. Bxa6 Nxa6 4. Nf3 c6 5. O-O Nc7 6. Nc3 g6 7. Bf4 Bg7 8. d5 cxd5 9. Nxd5 Nxd5 10. Qxd5 Nf6 11. Qd3 d6 12. e5 dxe5 13. Qxd8+ Rxd8 14. Bxe5 O-O 15. Rad1 Nh5 16. Bxg7 Kxg7 17. Rfe1 e6 18. g3 Nf6 19. Kf1 Nd5 20. c3 Kf6 21. Ke2 h6 22. Rd4 Ne7 23. Red1 Rxd4 24. Rxd4 Nc6 25. Rd6 Rc8 26. Rd7 e5 27. Ke3 Ke6 28. Rb7 f5 29. Rh7 Ne7 30. Rxh6 Kf6 31. Rh7 b5 32. Nxe5 b4 33. c4 g5 34. f4 gxf4+ 35. gxf4 a5 36. Rf7+ Ke6 37. Rh7 Kf6 38. Rh6+ Kg7 39. Ra6 Rh8 40. Rxa5 Rxh2 41. Nd3 Rh3+ 42. Kd2 Rh2+ 43. Kd1 Rh1+ 44. Ke2 Nc6 45. Rd5 Rh2+ 46. Ke3 Rh3+ 47. Kf2 Rh2+ 48. Kg3 Rc2 49. Rxf5 Rxc4 50. Rc5 Rd4 51. Rxc6 Rxd3+ 52. Kg4 b3 53. axb3 Rxb3 54. Rc2 Kf6 55. Rc6+ Kf7 56. Rc2 Kf6 57. Rh2 Kg6 58. f5+ Kf6 59. Rh6+ Kf7 60. Kg5 Rxb2 61. Rh7+ Kg8 62. Ra7 Rb6 63. Ra8+ Kf7 64. Ra7+ Kg8 65. Rc7 Ra6 66. Rd7 Kf8 67. Rh7 Kg8 68. Re7 Kf8 69. Re1 Kf7 70. Rb1 Kf8 71. Rb7 Kg8 72. f6 Ra1 73. Rb8+ Kf7 74. Rb7+ Kf8 75. Rh7 Rg1+ 76. Kf5 Rf1+ 77. Kg6 Rg1+ 78. Kf5 Rf1+ 79. Ke5 Re1+ 80. Kd5 Kg8 81. Re7 Rf1 82. Ke6 Re1+ 83. Kd7 Rf1 84. Re6 Kf7 85. Re7+ Kxf6 86. Re6+ Kf5 87. Rd6 Ra1 88. Rd5+ Kf6 89. Rd6+ Kf7 90. Rc6 Ra7+ 91. Rc7 Ra1 92. Kc6+ Kf6 93. Rb7 Rc1+ 94. Kb6 Ke6 95. Rc7 Rb1+ 96. Ka7 Kd6 97. Rb7 Ra1+ 98. Kb8 Kc6 99. Rc7+ Kd6 100. Ra7 Rh1 101. Ra6+ Kd7 102. Ra7+ Kd8 103. Rb7 Ra1 104. Rb2 Kd7 105. Rd2+ Kc6 106. Rc2+ Kd5 107. Rd2+ Kc4 108. Rc2+ Kd3 109. Rc7 Kd4 110. Rd7+ Kc5 111. Ra7 Rh1 112. Rc7+ Kd6 113. Rc2 Rh8+ 114. Kb7 Rh7+ 115. Kb6 Ke5 116. Rc7 Rxc7 117. Kxc7 1/2-1/2


[Site "https://www.chess.com"]

[Event "Titled Tuesday Blitz July 25 Late 2023"]
[White "Golubev, Mikhail"]
[Black "Rodrigue-Lemieux, Shawn"]
[WhiteFideId "14100983"]
[BlackFideId "2620049"]
[WhiteElo "2553"]
[BlackElo "2881"]
[Result "0-1"]
[Round "6"]
[TimeControl "180+2"]
[Date "2023.07.25"]
[WhiteClock "0:00:00"]
[BlackClock "0:00:04"]
[Board "43"]

1. e4 h6 2. d4 g6 3. Nf3 f6 4. c4 e6 5. Nc3 d6 6. Bd3 c6 7. O-O b6 8. Be3 a6 9. d5 b5 10. dxc6 b4 11. Qa4 Kf7 12. Ne2 Qc7 13. c5 dxc5 14. Rac1 Qxc6 15. Qb3 a5 16. Nf4 a4 17. Qc2 g5 18. Nh5 Ba6 19. Rfd1 Bxd3 20. Qxd3 Ra7 21. e5 f5 22. Bxg5 Rd7 23. Qe3 hxg5 24. Nxg5+ Ke7 25. Nf4 Rh6 26. h4 Bg7 27. h5 Rxd1+ 28. Rxd1 Nd7 29. Ng6+ Rxg6 30. hxg6 Nxe5 31. Qh3 Kf6 32. Qh5 Ng4 33. Nf7 Bh6 34. Nxh6 N8xh6 35. f3 c4 36. fxg4 Qc5+ 37. Kh1 Nxg4 38. Rf1 Nf2+ 39. Kh2 Ne4 40. Qh7 Qd6+ 41. Kg1 Qd4+ 42. Kh1 Ng3+ 43. Kh2 Nxf1+ 44. Kh1 Ng3+ 45. Kh2 Ne2 46. Qf7+ Kg5 47. Qe7+ Qf6 48. g7 Qxe7 49. g8=Q+ Kf6 50. Qh8+ Qg7 51. Qd8+ Kg6 52. Qe8+ Qf7 53. Qh8 Qh7+ 54. Qxh7+ Kxh7 0-1


[Site "https://www.chess.com"]

[Event "Titled Tuesday Blitz July 25 Late 2023"]
[White "Mordechai, Hanan"]
[Black "Grigoriants, Sergey"]
[WhiteFideId "2804166"]
[BlackFideId "4130804"]
[WhiteElo "2556"]
[BlackElo "2868"]
[Result "1/2-1/2"]
[Round "6"]
[TimeControl "180+2"]
[Date "2023.07.25"]
[WhiteClock "0:00:14"]
[BlackClock "0:00:06"]
[Board "44"]

1. Nf3 Nf6 2. d4 d5 3. Bf4 c5 4. e3 Nc6 5. Nbd2 Bg4 6. c3 e6 7. Be2 Bd6 8. Bg3 O-O 9. O-O Bxg3 10. hxg3 Qe7 11. Qb3 Rac8 12. Rac1 Rfd8 13. dxc5 Qxc5 14. Rfd1 e5 15. c4 d4 16. exd4 exd4 17. Bd3 Ne5 18. Bb1 d3 19. Qc3 Nxf3+ 20. gxf3 Bf5 21. Nb3 Qc6 22. Nd4 Qc5 23. Nxf5 Qxf5 24. Bxd3 Qh5 25. Bf1 h6 26. Bg2 b6 27. b3 Qc5 28. f4 a5 29. Qe3 Qb4 30. Qc3 Qa3 31. Qc2 Qb4 32. Bh3 Rb8 33. Rxd8+ Rxd8 34. Rd1 Re8 35. Qd2 Qc5 36. Qc2 g6 37. Bg2 Kg7 38. Qb2 h5 39. Rd5 Qc7 40. Re5 Re6 41. Rxe6 fxe6 42. Qd4 Kf7 43. Bf3 Nd7 44. Kg2 Qc5 45. Qh8 Nf6 46. Qb8 Kg7 47. Qb7+ Kf8 48. Qb8+ Kf7 49. Be2 Qd4 50. Qc7+ Kf8 51. Bf3 Kg8 52. Qc8+ Kf7 53. Qb7+ Kf8 54. Qa8+ Ke7 55. Qa7+ Kf8 56. Qa6 Kf7 57. Qb5 Ne4 58. Bxe4 Qxe4+ 59. Kg1 Qe1+ 60. Kg2 Qe4+ 61. Kf1 Qh1+ 62. Ke2 Qe4+ 63. Kd2 Qd4+ 64. Ke1 Qe4+ 65. Kd1 Qd3+ 66. Ke1 Qe4+ 67. Kd2 Qd4+ 68. Ke1 Qe4+ 1/2-1/2


[Site "https://www.chess.com"]

[Event "Titled Tuesday Blitz July 25 Late 2023"]
[White "Bartel, Mateusz"]
[Black "Jaskolka, Tomasz"]
[WhiteFideId "1112635"]
[BlackFideId "1170791"]
[WhiteElo "2829"]
[BlackElo "2547"]
[Result "1-0"]
[Round "6"]
[TimeControl "180+2"]
[Date "2023.07.25"]
[WhiteClock "0:00:14"]
[BlackClock "0:00:03"]
[Board "45"]

1. e4 d5 2. exd5 Nf6 3. Bb5+ Nbd7 4. c4 a6 5. Ba4 b5 6. cxb5 Nxd5 7. Nc3 N5b6 8. Bc2 axb5 9. Nf3 b4 10. Ne4 e6 11. O-O Bb7 12. d4 Be7 13. Re1 O-O 14. Qd3 Ba6 15. Qd2 Nf6 16. Ne5 Nc4 17. Nxf6+ Bxf6 18. Qd3 g6 19. Nxc4 Bxd4 20. Be3 Bxc4 21. Qxc4 Bxb2 22. Rad1 Qf6 23. Bb3 Bc3 24. Rf1 Rac8 25. Rd7 Be5 26. Qxb4 Bd6 27. Rxd6 cxd6 28. Qxd6 Rfd8 29. Qf4 Qb2 30. h4 h5 31. g3 Qc3 32. Qf3 Rd3 33. Kg2 Rb8 34. Rc1 Qb4 35. Rc7 Qf8 36. Qe4 Rdd8 37. Bxe6 Re8 38. Qxg6+ Kh8 39. Bd4+ f6 1-0


[Site "https://www.chess.com"]

[Event "Titled Tuesday Blitz July 25 Late 2023"]
[White "Principe, Alexander"]
[Black "Kushko, Dmitriy"]
[WhiteFideId "3804542"]
[BlackFideId "14162261"]
[WhiteElo "2540"]
[BlackElo "2807"]
[Result "1-0"]
[Round "6"]
[TimeControl "180+2"]
[Date "2023.07.25"]
[WhiteClock "0:00:08"]
[BlackClock "0:00:03"]
[Board "46"]

1. e4 c6 2. d4 d5 3. Nc3 dxe4 4. Nxe4 Nf6 5. Nxf6+ exf6 6. c4 Bb4+ 7. Bd2 Bxd2+ 8. Qxd2 O-O 9. O-O-O b5 10. Nf3 bxc4 11. Bxc4 Nd7 12. Kb1 a5 13. Rhe1 a4 14. a3 Nb6 15. Ba2 Nd5 16. Rc1 Qb6 17. Ka1 Bg4 18. Rc5 Rfd8 19. Rec1 Ne7 20. Qe2 Ra7 21. Qe4 Rb7 22. Rb1 Bc8 23. g4 Nd5 24. g5 Be6 25. gxf6 Nxf6 26. Qc2 Bd5 27. Ne5 g6 28. f3 Rdb8 29. Nxc6 Bxc6 30. Rxc6 Qxd4 31. Qc3 Qxc3 32. Rxc3 Kg7 33. Bc4 Rc7 34. Rbc1 Rcb7 35. R1c2 Nd7 36. Bd3 Ne5 37. Be2 g5 38. Rc5 f6 39. Rc7+ Kh6 40. R7c3 Ng6 41. Bd3 Nf4 42. Be4 Rb5 43. Rc7 f5 44. R7c6+ Ng6 45. Bd3 Rb3 46. R6c3 R3b6 47. Bxf5 Nf4 48. Be4 Kh5 49. Ka2 h6 50. Rc5 Kh4 51. R5c4 Ra6 52. Rb4 Rd8 53. Rbc4 Ne6 54. Rc6 Rxc6 55. Rxc6 Nd4 56. Rxh6# 1-0


[Site "https://www.chess.com"]

[Event "Titled Tuesday Blitz July 25 Late 2023"]
[White "Przybylski, Wojciech"]
[Black "Fiorito, Joaquin"]
[WhiteFideId "1117599"]
[BlackFideId "180173"]
[WhiteElo "2540"]
[BlackElo "2786"]
[Result "1-0"]
[Round "6"]
[TimeControl "180+2"]
[Date "2023.07.25"]
[WhiteClock "0:00:49"]
[BlackClock "0:01:10"]
[Board "47"]

1. d4 Nf6 2. Nf3 d5 3. g3 Bf5 4. Bg2 e6 5. O-O h6 6. Nbd2 Be7 7. Re1 O-O 8. Nh4 Bh7 9. c4 c6 10. b3 a5 11. e4 dxe4 12. Nxe4 Nxe4 13. Bxe4 Bxh4 14. Bxh7+ Kxh7 15. Qd3+ Kh8 16. gxh4 Qxh4 17. Re4 Qh5 18. Kh1 Nd7 19. Ba3 Rfd8 20. Rg1 Nf6 21. Rf4 e5 22. Rxf6 gxf6 23. Be7 Qh4 24. Qf5 Rd6 25. Bxd6 Rg8 26. dxe5 Rxg1+ 27. Kxg1 Qd4 28. Qxf6+ Kg8 29. Qf3 a4 30. Kg2 axb3 31. axb3 b5 32. cxb5 cxb5 33. b4 Qc4 34. h3 Kh7 35. Qf5+ Kg8 36. Qg4+ Kh7 37. Qxc4 bxc4 38. b5 1-0


[Site "https://www.chess.com"]

[Event "Titled Tuesday Blitz July 25 Late 2023"]
[White "Hambleton, Aman"]
[Black "Fiorito, Francisco"]
[WhiteFideId "2606577"]
[BlackFideId "180165"]
[WhiteElo "2766"]
[BlackElo "2535"]
[Result "1-0"]
[Round "6"]
[TimeControl "180+2"]
[Date "2023.07.25"]
[WhiteClock "0:00:29"]
[BlackClock "0:00:21"]
[Board "48"]

1. d4 Nf6 2. Bf4 g6 3. Nc3 Bg7 4. e4 d6 5. Qd2 O-O 6. O-O-O Nbd7 7. e5 Nh5 8. Bh6 c5 9. Bxg7 Nxg7 10. exd6 exd6 11. dxc5 dxc5 12. Bb5 Qh4 13. Nf3 Qb4 14. a3 Qa5 15. Bxd7 Rd8 16. Nd5 Qa6 17. Nc7 Qf6 18. Nxa8 Bxd7 19. Qg5 Qxg5+ 20. Nxg5 Ne8 21. Rhe1 h6 22. Ne4 b6 23. Nc7 Nxc7 24. Rxd7 Rxd7 25. Nf6+ 1-0


[Site "https://www.chess.com"]

[Event "Titled Tuesday Blitz July 25 Late 2023"]
[White "Pakleza, Zbigniew"]
[Black "Karamsetty, Jeevan"]
[WhiteFideId "1119290"]
[BlackFideId "2025337"]
[WhiteElo "2763"]
[BlackElo "2531"]
[Result "0-1"]
[Round "6"]
[TimeControl "180+2"]
[Date "2023.07.25"]
[WhiteClock "0:00:00"]
[BlackClock "0:00:22"]
[Board "49"]

1. e4 d6 2. d4 Nf6 3. Bd3 e5 4. c3 Be7 5. Nf3 Nbd7 6. O-O O-O 7. h3 b6 8. Be3 Bb7 9. Nbd2 d5 10. dxe5 Nxe4 11. Qc2 f5 12. exf6 Ndxf6 13. Rad1 Bd6 14. Nxe4 Nxe4 15. Bxe4 dxe4 16. Ng5 Qe7 17. f3 Bc5 18. Qf2 exf3 19. Bxc5 bxc5 20. Nxf3 Bxf3 21. gxf3 Rf6 22. Kh2 Raf8 23. Qg2 Rg6 24. Qd2 Qh4 25. Rf2 Qg3+ 0-1


[Site "https://www.chess.com"]

[Event "Titled Tuesday Blitz July 25 Late 2023"]
[White "Morefield, Jason"]
[Black "Kochiev, Ivan"]
[WhiteFideId "30920825"]
[BlackFideId "2917890"]
[WhiteElo "2754"]
[BlackElo "2529"]
[Result "0-1"]
[Round "6"]
[TimeControl "180+2"]
[Date "2023.07.25"]
[WhiteClock "0:00:14"]
[BlackClock "0:00:15"]
[Board "50"]

1. a3 d5 2. Nf3 Nf6 3. g3 Bf5 4. Bg2 e6 5. O-O c5 6. d3 Nc6 7. Qe1 Be7 8. Nbd2 h6 9. e4 Bh7 10. Qe2 O-O 11. Re1 Qc7 12. e5 Nd7 13. Nf1 Nd4 14. Nxd4 cxd4 15. Bf4 Rac8 16. Rac1 Qb6 17. b4 Rc3 18. Nd2 Rxa3 19. Rb1 Rc8 20. Nf3 Ra2 21. Rec1 Bxb4 22. Bd2 a5 23. Bxb4 axb4 24. Qd2 Rc3 25. Qf4 Rcxc2 26. Rxc2 Rxc2 27. Nxd4 Rc3 28. Ra1 g5 29. Ra8+ Kg7 30. Qg4 Nxe5 31. Qe2 Qxd4 0-1


[Site "https://www.chess.com"]

[Event "Titled Tuesday Blitz July 25 Late 2023"]
[White "Martinez Reyes, Pedro Ramon"]
[Black "Krishna C R G"]
[WhiteFideId "3901807"]
[BlackFideId "5018625"]
[WhiteElo "2529"]
[BlackElo "2753"]
[Result "1-0"]
[Round "6"]
[TimeControl "180+2"]
[Date "2023.07.25"]
[WhiteClock "0:00:47"]
[BlackClock "0:01:26"]
[Board "51"]

1. e4 c5 2. b3 d6 3. Bb2 Nf6 4. Bb5+ Bd7 5. Bxd7+ Qxd7 6. d3 Nc6 7. Nf3 e5 8. Nbd2 g6 9. O-O Bh6 10. Nc4 O-O 11. a4 Nd4 12. Nxd4 cxd4 13. c3 dxc3 14. Bxc3 Rfe8 15. f4 Bg7 16. fxe5 dxe5 17. Nxe5 Qc7 18. Nc4 Ng4 19. Qxg4 Bxc3 20. Rac1 Bd4+ 21. Kh1 Qe7 22. Rf3 Rad8 23. Rcf1 Rf8 24. h4 h5 25. Qh3 b6 26. g4 hxg4 27. Qxg4 Kg7 28. h5 a6 29. Kg2 b5 30. axb5 axb5 31. Ne3 Bxe3 32. Rxe3 Qc5 33. Rg3 Rxd3 34. h6+ Kh7 35. Rxf7+ 1-0


[Site "https://www.chess.com"]

[Event "Titled Tuesday Blitz July 25 Late 2023"]
[White "Santos Flores, Alberto"]
[Black "Bolourchifard, Farzad"]
[WhiteFideId "3601234"]
[BlackFideId "12510084"]
[WhiteElo "2529"]
[BlackElo "2752"]
[Result "0-1"]
[Round "6"]
[TimeControl "180+2"]
[Date "2023.07.25"]
[WhiteClock "0:00:08"]
[BlackClock "0:00:20"]
[Board "52"]

1. e4 e5 2. Nf3 Nc6 3. Bc4 Bc5 4. c3 Nf6 5. d3 d6 6. Nbd2 a6 7. a4 O-O 8. O-O h6 9. h3 Be6 10. Re1 Re8 11. b4 Ba7 12. Bb3 d5 13. b5 Na5 14. Ba2 dxe4 15. dxe4 Bc5 16. Bxe6 Rxe6 17. Ba3 Bxa3 18. Rxa3 Rd6 19. Qc2 Nd7 20. Raa1 Nc5 21. Rad1 Qe8 22. Nf1 Nc4 23. Rxd6 Nxd6 24. c4 axb5 25. axb5 Ra4 26. N1d2 Qe6 27. Rc1 b6 28. Qc3 f6 29. Qc2 Kh7 30. Qc3 Qg8 31. Qc2 Qa8 32. Re1 Qa5 33. Nb3 Nxb3 34. Qxb3 Rxc4 35. Rd1 Qxb5 36. Qe3 Qc5 37. Qd2 Rc2 38. Qd3 Qxf2+ 0-1


[Site "https://www.chess.com"]

[Event "Titled Tuesday Blitz July 25 Late 2023"]
[White "Schnaider, Ilan"]
[Black "Molenda, Marcin"]
[WhiteFideId "169013"]
[BlackFideId "1173065"]
[WhiteElo "2740"]
[BlackElo "2527"]
[Result "1-0"]
[Round "6"]
[TimeControl "180+2"]
[Date "2023.07.25"]
[WhiteClock "0:00:02"]
[BlackClock "0:00:00"]
[Board "53"]

1. e4 c5 2. Nf3 e6 3. d4 cxd4 4. Nxd4 a6 5. c4 Qc7 6. Nc3 Nf6 7. Qd3 d6 8. Be2 Nbd7 9. O-O Ne5 10. Qg3 Nxc4 11. Bg5 Ne5 12. Rac1 Qb6 13. Be3 Qd8 14. f4 Ng6 15. e5 dxe5 16. fxe5 Nd7 17. Rcd1 Qh4 18. Qxh4 Nxh4 19. Bc4 Nxe5 20. Bg5 Bc5 21. Kh1 O-O 22. Bxe6 Bxe6 23. Nxe6 fxe6 24. Bxh4 Rxf1+ 25. Rxf1 Rf8 26. Rd1 Bd4 27. h3 Bxc3 28. bxc3 Kf7 29. Bg3 Nc4 30. Rd7+ Kf6 31. Rxb7 Rc8 32. Ra7 a5 33. Bh4+ Kg6 34. Bf2 e5 35. Ra6+ Kf5 36. Ra7 e4 37. g4+ Kg6 38. Bd4 Kg5 39. Rxg7+ Kf4 40. Kg2 e3 41. Re7 Rb8 42. Rf7+ Ke4 43. Re7+ Kd3 44. Kf3 Rf8+ 45. Kg2 e2 46. Bf2 Kd2 47. Rd7+ Kxc3 48. Be1+ Kc2 49. Bf2 Nb2 50. Rc7+ Kd2 51. Re7 Nd3 52. Bg3 Rf1 53. Rxh7 Nf2 54. Rd7+ Nd3 55. Re7 Ra1 56. g5 Rxa2 57. g6 Kd1 58. Kf3 1-0


[Site "https://www.chess.com"]

[Event "Titled Tuesday Blitz July 25 Late 2023"]
[White "Gasparyan, David"]
[Black "Matinian, Nikita"]
[WhiteFideId "13311980"]
[BlackFideId "24129100"]
[WhiteElo "2520"]
[BlackElo "2738"]
[Result "0-1"]
[Round "6"]
[TimeControl "180+2"]
[Date "2023.07.25"]
[WhiteClock "0:00:05"]
[BlackClock "0:00:29"]
[Board "54"]

1. d4 Nf6 2. Nf3 g6 3. e3 Bg7 4. Bd3 O-O 5. O-O d6 6. b3 e5 7. Nbd2 Re8 8. dxe5 dxe5 9. e4 b6 10. Bb2 Nbd7 11. Nc4 Bb7 12. Re1 Nh5 13. Bf1 f6 14. a4 Bf8 15. Ba3 Bxa3 16. Nxa3 Qe7 17. Nb5 Nc5 18. Bc4+ Kh8 19. Nd2 Rad8 20. Qe2 Nf4 21. Qe3 f5 22. Nc3 Qg5 23. Bf1 Rxd2 24. h4 Qh6 25. g3 Nxe4 26. gxf4 exf4 27. Qh3 Red8 28. Nxe4 fxe4 29. Qc3+ Qg7 30. Qxg7+ Kxg7 31. a5 Rxc2 32. axb6 axb6 33. Ra7 Bd5 34. Bc4 Bxc4 35. Rxc7+ Kh6 36. bxc4 Rdd2 37. Rxe4 Rxf2 38. Ree7 Kh5 39. Rxh7+ Kg4 40. Rhg7 Kf3 41. Rxg6 Rc1# 0-1


[Site "https://www.chess.com"]

[Event "Titled Tuesday Blitz July 25 Late 2023"]
[White "Korchmar, Vasiliy"]
[Black "Rizzo, Tobias"]
[WhiteFideId "24131750"]
[BlackFideId "30942691"]
[WhiteElo "2692"]
[BlackElo "2526"]
[Result "1-0"]
[Round "6"]
[TimeControl "180+2"]
[Date "2023.07.25"]
[WhiteClock "0:02:07"]
[BlackClock "0:02:28"]
[Board "55"]

1. e4 c5 2. d4 cxd4 3. Qxd4 Nc6 4. Qd3 Nf6 5. Nc3 e6 6. Bf4 Bb4 7. O-O-O O-O 8. e5 Bxc3 9. Qxc3 Nd5 10. Rxd5 exd5 11. Bd3 d4 12. Qe1 f5 13. h4 Qa5 14. Qe2 Qxa2 15. Bc4+ 1-0


[Site "https://www.chess.com"]

[Event "Titled Tuesday Blitz July 25 Late 2023"]
[White "Womacka, Mathias"]
[Black "Dimitrov, Atanas"]
[WhiteFideId "4611390"]
[BlackFideId "2901315"]
[WhiteElo "2517"]
[BlackElo "2691"]
[Result "0-1"]
[Round "6"]
[TimeControl "180+2"]
[Date "2023.07.25"]
[WhiteClock "0:00:02"]
[BlackClock "0:00:41"]
[Board "56"]

1. e4 c5 2. Nf3 d6 3. d4 cxd4 4. Nxd4 Nf6 5. Nc3 g6 6. Be3 Bg7 7. f3 Nc6 8. Qd2 Bd7 9. O-O-O Ne5 10. g4 O-O 11. h4 h5 12. gxh5 Nxh5 13. Rg1 Rc8 14. Kb1 a6 15. Be2 Nc4 16. Bxc4 Rxc4 17. Nd5 e6 18. Nc3 b5 19. Nde2 b4 20. Qxd6 bxc3 21. Qxd7 Qxh4 22. b3 Rcc8 23. Qd3 Rfd8 24. Qxa6 Ra8 25. Qb7 Rdb8 26. Qc7 Rc8 27. Qb7 Qf6 28. f4 Rcb8 29. Qc7 e5 30. f5 Qa6 31. a4 Qxe2 32. fxg6 Rxb3+ 33. Ka1 Rxa4# 0-1


[Site "https://www.chess.com"]

[Event "Titled Tuesday Blitz July 25 Late 2023"]
[White "Fisher_TheGalactic"]
[Black "Shapiro, Viktor"]
[BlackFideId "4175700"]
[WhiteElo "2684"]
[BlackElo "2516"]
[Result "1-0"]
[Round "6"]
[TimeControl "180+2"]
[Date "2023.07.25"]
[WhiteClock "0:00:52"]
[BlackClock "0:00:29"]
[Board "57"]

1. Nf3 Nf6 2. g3 c5 3. Bg2 Nc6 4. O-O d5 5. d3 Bg4 6. Nbd2 e6 7. h3 Bh5 8. e4 Be7 9. exd5 exd5 10. Re1 O-O 11. Nf1 h6 12. Ne3 Re8 13. Nf5 Bf8 14. Rxe8 Qxe8 15. g4 Bg6 16. N3h4 Bh7 17. Be3 Qd7 18. Qd2 Re8 19. a3 d4 20. Bf4 Nd5 21. Nxh6+ gxh6 22. Bxh6 Re5 23. Bxf8 Kxf8 24. Nf3 Nde7 25. Nxe5 Nxe5 26. Re1 Qd6 27. Qf4 N7g6 28. Qh6+ Kg8 29. f4 Nd7 30. f5 Qg3 31. Re8+ Ngf8 32. f6 1-0


[Site "https://www.chess.com"]